 Dungeon Crawl Stone Soup version 0.29.1-1-gd02db6906a (webtiles) character file.

Game seed: 13307984869503880566

28 Sabo the Gusty (level 2, -3/20 HPs)
             Began as a Palentonga Air Elementalist on Sept 16, 2022.
             Succumbed to Sigmund's poison
             ... on level 2 of the Dungeon.
             The game lasted 00:09:29 (1902 turns).

Sabo the Gusty (Palentonga Air Elementalist)        Turns: 1902, Time: 00:09:30

Health: -3/20      AC:  4    Str: 13    XL:     2   Next: 96%
Magic:  2/5        EV: 10    Int: 15    God:
Gold:   63         SH:  0    Dex: 10    Spells: 4/5 levels left

rFire   . . .      SeeInvis +   h - +0 mace
rCold   . . .      Faith    .   (no shield)
rNeg    . . .      Spirit   .   a - +0 robe
rPois   .          Reflect  .   (no helmet)
rElec   .          Harm     .   (no cloak)
rCorr   .          Rampage  .   (no gloves)
Will    .....                   (no barding)
Stlth   +.........              (no amulet)
HPRegen 0.06/turn               (no ring)
MPRegen 0.09/turn               (no ring)

@: lethally poisoned (-3 -> -21)
A: large, rugged brown scales 3, see invisible, deformed body, roll 1, armoured
tail
a: Rolling Charge


You were on level 2 of the Dungeon.
You visited 1 branch of the dungeon, and saw 2 of its levels.

You collected 63 gold pieces.

Inventory:

Hand Weapons
 c - a +0 short sword
 h - a +0 mace (weapon)
Armour
 a - a +0 robe (worn)
Scrolls
 e - a scroll of brand weapon {unknown}
 f - a scroll of identify {unknown}
 i - a scroll of butterflies {unknown}
 k - a scroll of blinking {unknown}
Potions
 b - a potion of magic
 d - a potion of curing {unknown}
 g - a potion of haste {unknown}
 j - a potion of berserk rage {unknown}


   Skills:
 + Level 0.8 Short Blades
 + Level 1.9 Dodging
 + Level 1.2 Stealth
 + Level 2.3 Spellcasting
 + Level 1.1 Conjurations
 + Level 2.7 Air Magic


You had 4 spell levels left.
You knew the following spells:

 Your Spells              Type           Power      Damage    Failure   Level
a - Shock                 Conj/Air       28%        1d4       10%         1

Your spell library contained the following spells:

 Spells                   Type           Power      Damage    Failure   Level
 Static Discharge         Conj/Air       7%         3-4/arc   14%         2
 Swiftness                Air            10%        N/A       21%         3
 Airstrike                Air            5%         2d(1-17)  56%         4


Dungeon Overview and Level Annotations

Branches:
Dungeon (2/15)

Altars:

Annotations:
D:2 Sigmund


Innate Abilities, Weirdness & Mutations

You are completely covered in rugged brown scales. (AC +3, +7% HP)
You have supernaturally acute eyesight. (SInv)
Armour fits poorly on your strangely shaped body.
You can roll at nearby foes to attack.
You have a long armoured tail.


Message History

You resist with significant effort.
Casting: Shock (safe; 10% risk of failure)
Confirm with . or Enter, or press ? or * to list all spells.
Aiming: Shock (safe; 10% risk of failure)
Press: ? - help, Shift-Dir - straight line, f - Sigmund
Aim: Sigmund, wielding a +2 scythe of venom and wearing a +0 robe (64% to hit)
The zap hits Sigmund.
Sigmund is lightly wounded.
Casting: Shock (safe; 10% risk of failure)
Confirm with . or Enter, or press ? or * to list all spells.
Aiming: Shock (safe; 10% risk of failure)
Press: ? - help, Shift-Dir - straight line, f/p - Sigmund
Aim: Sigmund, wielding a +2 scythe of venom and wearing a +0 robe (lightly wounded, 64% to hit)
The zap misses Sigmund.
Sigmund is suddenly surrounded by pale blue light.
Casting: Shock (safe; 10% risk of failure)
Confirm with . or Enter, or press ? or * to list all spells.
Aiming: Shock (safe; 10% risk of failure)
Press: ? - help, Shift-Dir - straight line, f/p - Sigmund
Aim: Sigmund, wielding a +2 scythe of venom and wearing a +0 robe (lightly wounded, 64% to hit)
The zap hits Sigmund.
Sigmund is lightly wounded.
Sigmund points at you and mumbles some strange words.
The magic dart hits you!
Ouch! That really hurt!
Roll where?
Press: ? - help, Dir - move target, f/p - Sigmund
Aim: Sigmund, wielding a +2 scythe of venom and wearing a +0 robe (lightly wounded)
You roll forward with a clatter of scales!
You barely miss Sigmund.
Sigmund is lightly wounded.
Sigmund closely misses you.
You hit Sigmund.
Sigmund is moderately wounded.
Sigmund hits you with a +2 scythe of venom!
* * * LOW HITPOINT WARNING * * *
You are lethally poisoned!
You closely miss Sigmund.
Sigmund is moderately wounded.
You die...

#####.### ## #.#
###8## #.#
.....###.#
....8#..#
....##..#
#...##..#
##@..##..#
#8@..⌠#..#
##°..###.# #...#
#.# ##...###.#
#8...8##.#
#########...##..#
........#...#.###
#...###.#
#.####..#


You could see Sigmund.

Vanquished Creatures
  3 endoplasms (D:1)
  3 goblins
  A hobgoblin (D:1)
  6 jackals
  A kobold (D:1)
  A quokka (D:1)
  A ball python (D:1)
  3 bats (D:1)
  A frilled lizard (D:1)
  3 rats (D:1)
23 creatures vanquished.

Notes
Turn   | Place    | Note
-------+----------+-------------------------------------------
     0 | D:1      | Sabo the Palentonga Air Elementalist began the quest for
                  | the Orb.
     0 | D:1      | Reached XP level 1. HP: 13/13 MP: 3/3
   780 | D:1      | Reached XP level 2. HP: 20/20 MP: 0/5
  1229 | D:1      | Reached skill level 1 in Conjurations
  1895 | D:2      | Noticed Sigmund
  1902 | D:2      | Succumbed to Sigmund's poison

Illustrated notes

Levels and vault maps discovered:
D:1:      spicycebolla_arrival_ecumenical, layout_basic
D:2:      layout_basic, serial_corexii_hall, chequers_hall_statues_wall_a,
          corexii_hall_statues_x, corexii_hall_statues_l,
          corexii_hall_statues_s, minmay_pentomino_u4, uniq_sigmund

Skill      XL: |  1  2 |
---------------+-------+-----
Conjurations   | 1 |  1.1
Short Blades   | |  0.8
Dodging        | |  1.9
Stealth        | |  1.2
Spellcasting   | |  2.3
Air Magic      | |  2.7

Action                   || total
-------------------------++-------
Melee: Short sword       ||    49
       Unarmed           ||    10
       Tailslap          ||     5
       Mace              ||    10
 Cast: Shock             ||    33
 Abil: Rolling Charge    ||     4
Armor: Robe              ||    30
Dodge: Dodged            ||    55
